Map: Neon Violet Square LE

Players

TYTY (TY) - Winner!

  • Race: Terran Terran
  • League: Master
  • Spawn Location: 11:00

Solar

  • Race: Zerg Zerg
  • League: Master
  • Spawn Location: 5:00

Event: Memes & Dreams Invitational

VOD

https://www.youtube.com/watch?v=z_JT05KkZgI

Description

Time

  • Played on: April 15, 2018, 6:52 a.m.
  • Length: 17:54

All games in this series

Show
View Real Time Build Order
Export as new Build Order

TYTY Terran - Winner!

Build Orders: Liberator Opening 

Get SALT Encoding   

  12  0:00  SCV  
  13  0:12  SCV  
  14  0:20  Supply Depot  
  14  0:24  SCV  
  15  0:42  SCV  
  16  0:43  Barracks  
  16  0:45  Refinery  
  16  0:54  SCV  
  17  1:06  SCV  
  18  1:18  SCV  
  19  1:30  Marine  
  19  1:31  Orbital Command  
  20  1:42  Command Center  
  20  1:54  Factory  
  20  1:57  SCV  
  21  2:05  Barracks Reactor  
  21  2:10  Supply Depot  
  21  2:11  SCV  
  22  2:15  Refinery  
  22  2:23  SCV  
  23  2:35  SCV  
  24  2:43  Starport  
  24  2:44  Hellion  
  24  2:45  Hellion  
  24  2:47  SCV  
  29  2:54  Orbital Command  
  29  2:59  SCV  
  30  3:06  Hellion  
  30  3:09  Hellion  
  30  3:11  SCV  
  35  3:19  Starport Tech Lab  
  35  3:21  SCV  
  35  3:24  SCV  
  35  3:25  Liberator  
  37  3:27  Hellion  
  37  3:32  Hellion  
  37  3:33  SCV  
  42  3:36  SCV  
  42  3:37  Supply Depot  
  46  3:49  Supply Depot  
  46  3:59  SCV, Cyclone x2  
  46  4:01  SCV  
  54  4:08  Supply Depot  
  54  4:11  SCV  
  54  4:15  Cloaking Field  
  55  4:17  SCV  
  55  4:21  Supply Depot  
  56  4:26  Banshee  
  56  4:28  SCV  
  60  4:38  SCV  
  61  4:40  SCV, Command Center  
  64  4:45  Hellion  
  64  4:51  SCV  
  64  4:52  Supply Depot  
  65  4:58  SCV  
  66  5:03  SCV  
  64  5:08  Refinery x2  
  64  5:09  Banshee  
  64  5:10  SCV  
  68  5:15  Hellion x2, SCV  
  68  5:17  Armory  
  73  5:22  SCV  
  73  5:27  SCV  
  64  5:35  SCV  
  62  5:38  Hellion x2  
  62  5:39  SCV  
  63  5:46  Armory  
  63  5:47  SCV  
  64  5:51  SCV  
  64  5:52  Banshee  
  64  5:54  Orbital Command  
  68  5:59  SCV  
  68  6:00  Hellion x2  
  68  6:03  SCV  
  74  6:07  Refinery  
  74  6:08  Refinery  
  74  6:11  SCV  
  75  6:15  SCV  
  67  6:19  Terran Vehicle Weapons Level 1  
  67  6:23  Factory, SCV  
  67  6:24  SCV  
  67  6:25  Factory  
  69  6:27  SCV  
  69  6:28  Hellion  
  69  6:31  Hellion  
  74  6:35  SCV  
  74  6:36  SCV  
  74  6:39  SCV, Raven  
  79  6:47  SCV  
  79  6:48  SCV  
  79  6:49  Hellion  
  79  6:52  Hellion, SCV  
  86  6:58  Supply Depot, Terran Vehicle And Ship Armor Level 1  
  86  6:59  SCV  
  87  7:08  Factory Tech Lab x2  
  83  7:10  Hellion  
  83  7:12  SCV x3  
  83  7:14  Hellion  
  86  7:17  Command Center  
  86  7:26  SCV  
  86  7:27  SCV x2  
  86  7:28  Supply Depot x2, Thor  
  86  7:29  Starport Reactor  
  95  7:32  Hellion  
  95  7:33  Thor  
  95  7:35  Hellion  
  105  7:39  SCV x2  
  105  7:43  Factory x2  
  107  7:46  SCV  
  107  7:50  Supply Depot  
  108  7:51  Supply Depot  
  108  7:52  SCV x2  
  110  7:58  SCV  
  110  7:59  Supply Depot  
  110  8:04  Medivac, SCV  
  116  8:08  Hellion  
  116  8:09  Hellion  
  116  8:10  SCV  
  121  8:13  Siege Tank  
  121  8:17  Terran Vehicle Weapons Level 2  
  124  8:21  Medivac  
  124  8:22  Siege Tank  
  129  8:28  Factory Reactor  
  129  8:29  Factory Tech Lab, Engineering Bay  
  129  8:33  Orbital Command  
  127  8:36  Refinery  
  127  8:37  Refinery  
  127  8:38  Hellion x2  
  131  8:44  Supply Depot  
  131  8:46  Supply Depot  
  131  8:47  Siege Tank  
  131  8:48  Siege Tank  
  137  8:56  Missile Turret  
  137  8:57  SCV x3  
  137  9:02  Missile Turret  
  140  9:04  Siege Tank  
  140  9:05  Sensor Tower  
  140  9:06  Hellion  
  140  9:07  Hellion  
  140  9:08  Viking  
  140  9:09  SCV, Viking  
  149  9:18  Infernal Pre-Igniter  
  149  9:19  Hellion x2, Siege Tank  
  149  9:20  Siege Tank  
  149  9:21  SCV x2  
  157  9:32  Hellion  
  157  9:33  Hellion  
  157  9:36  Siege Tank  
  164  9:38  Viking  
  164  9:39  Viking  
  164  9:42  Supply Depot  
  164  9:43  Hellion  
  170  9:51  Siege Tank  
  170  9:52  Siege Tank  
  176  10:01  Hellion x2  
  180  10:08  Hellion x2, Siege Tank  
  180  10:13  SCV  
  188  10:14  Factory x2, Viking  
  188  10:20  SCV x2, Viking  
  186  10:24  Siege Tank  
  186  10:28  Hellion  
  177  10:40  Hellion x2  
  175  10:44  Siege Tank, Viking  
  175  10:45  Siege Tank  
  175  10:49  Hellion x2  
  183  10:52  Command Center  
  183  10:54  Terran Vehicle Weapons Level 3  
  183  10:55  Terran Vehicle And Ship Armor Level 2  
  183  10:56  Hellion  
  181  11:03  Factory Tech Lab x2  
  184  11:04  Hellion x2  
  184  11:16  Hellion x2  
  184  11:17  Viking  
  188  11:31  Viking  
  188  11:32  Siege Tank  
  184  11:33  Siege Tank  
  184  11:39  Hellion, Siege Tank x2  
  162  11:40  Hellion  
  162  11:41  Hellion x2  
  162  11:44  SCV x3, Liberator  
  162  11:45  SCV  
  160  11:49  Viking  
  160  11:54  Hellion  
  164  11:56  SCV  
  164  12:01  Hellion, Liberator  
  167  12:06  Hellion, Siege Tank x2  
  167  12:07  Hellion  
  180  12:11  Siege Tank  
  183  12:17  Planetary Fortress  
  183  12:20  Sensor Tower  
  183  12:21  Siege Tank x2  
  183  12:22  Hellion x2  
  196  12:31  Hellion x2, Rapid Fire Launchers  
  200  13:01  Command Center  
  183  13:05  Siege Tank x2  
  183  13:06  Siege Tank  
  183  13:07  Hellion x2  
  183  13:09  SCV  
  183  13:11  Hellion  
  193  13:15  Cyclone x2  
  194  13:33  Cyclone x2  
  200  13:42  Viking x2  
  200  13:46  Thor  
  198  13:50  Starport x3  
  198  13:51  Terran Ship Weapons Level 1, Terran Vehicle And Ship Armor Level 3  
  198  13:55  Liberator  
  198  13:56  Liberator  
  198  13:57  Hellion x6  
  196  14:02  Smart Servos  
  198  14:27  Starport Tech Lab x2  
  197  14:35  Thor  
  194  14:43  Starport Tech Lab, Thor  
  194  14:44  Hellion x2, Thor x2  
  194  14:45  Hellion x3  
  194  14:49  Planetary Fortress  
  194  14:50  Refinery  
  194  14:51  Refinery  
  194  14:52  Viking  
  192  14:55  Viking  
  192  14:56  Viking  
  193  15:06  Hellion x3  
  194  15:17  Raven  
  194  15:18  Thor  
  199  15:21  Hellion  
  199  15:36  Raven x2  
  199  15:37  Hellion  
  199  15:39  Command Center  
  199  15:43  Hellion  
  199  15:50  Refinery  
  199  15:51  Hellion x9, Refinery  
  199  16:02  Raven  
  199  16:03  Hellion  
  199  16:05  Hellion x2  
  199  16:06  Hellion  
  199  16:08  Command Center, Refinery  
  199  16:10  Command Center  
  199  16:11  Siege Tank x2  
  199  16:13  Refinery  
  199  16:23  Raven x2  
  199  16:31  Hellion x6  
  195  16:34  Hellion  
  195  16:35  Viking  
  185  17:01  Hellion  
  185  17:02  Hellion x4  
  191  17:08  Raven x3  
  191  17:09  Missile Turret  
  191  17:14  Hellion x4  
  195  17:23  Hellion x2  
  195  17:24  Fusion Core  
Show
View Real Time Build Order
Export as new Build Order

Solar Zerg 

Build Orders: Hatch First, Roach Hydra 

Get SALT Encoding   

  12  0:01  Drone  
  13  0:12  Overlord  
  13  0:17  Drone  
  14  0:32  Drone x2  
  16  0:36  Drone  
  17  0:53  Hatchery  
  17  0:55  Drone  
  17  0:58  Drone  
  17  1:04  Extractor  
  17  1:14  Spawning Pool  
  17  1:16  Drone  
  17  1:20  Drone  
  18  1:28  Drone  
  19  1:39  Drone  
  20  1:50  Overlord  
  20  2:01  Queen  
  22  2:04  Queen  
  22  2:05  Zergling x2  
  22  2:06  Zergling x2, Metabolic Boost  
  26  2:27  Hatchery  
  26  2:29  Drone  
  26  2:31  Drone  
  26  2:34  Drone  
  28  2:37  Drone  
  28  2:40  Drone  
  28  2:43  Drone  
  31  2:48  Drone  
  31  2:50  Overlord  
  32  2:54  Drone  
  33  2:59  Drone  
  34  3:06  Drone  
  34  3:09  Drone x3  
  34  3:10  Drone  
  39  3:19  Queen  
  39  3:20  Overlord  
  39  3:21  Drone  
  39  3:22  Zergling x2  
  43  3:35  Overlord, Zergling x2  
  43  3:39  Zergling x6  
  47  3:41  Queen  
  47  3:44  Queen  
  51  3:49  Roach Warren  
  51  3:52  Overlord  
  49  3:55  Drone  
  49  3:56  Drone  
  49  3:59  Drone x2  
  49  4:01  Drone  
  54  4:03  Zergling x2  
  54  4:05  Zergling x2  
  54  4:07  Drone  
  57  4:16  Zergling x4  
  57  4:17  Zergling x8  
  63  4:21  Extractor  
  63  4:24  Overlord  
  62  4:25  Drone  
  62  4:28  Drone  
  62  4:29  Drone  
  65  4:37  Spore Crawler, Overlord  
  65  4:38  Overlord  
  64  4:39  Overlord  
  64  4:43  Extractor, Roach x2  
  64  4:45  Roach  
  69  4:48  Roach  
  69  4:52  Roach  
  72  4:56  Roach x2  
  76  5:00  Drone x3  
  76  5:03  Drone  
  76  5:06  Drone x2  
  81  5:08  Drone  
  81  5:11  Drone  
  81  5:12  Drone  
  81  5:13  Drone  
  85  5:14  Drone  
  85  5:19  Drone  
  84  5:23  Drone  
  84  5:24  Drone  
  84  5:26  Drone  
  84  5:28  Lair  
  79  5:29  Drone  
  79  5:31  Drone  
  79  5:34  Drone  
  79  5:35  Drone  
  81  5:38  Overlord  
  81  5:39  Drone  
  81  5:40  Drone x2  
  84  5:43  Extractor x2  
  84  5:44  Spore Crawler  
  84  5:47  Drone, Evolution Chamber x2  
  84  5:48  Drone  
  80  5:50  Drone  
  80  5:51  Drone  
  80  5:56  Drone  
  83  6:00  Spore Crawler  
  83  6:01  Drone x4  
  83  6:03  Drone x2  
  83  6:04  Drone  
  86  6:06  Drone  
  87  6:11  Drone x2  
  87  6:17  Drone  
  87  6:18  Drone  
  83  6:20  Zerg Missile Weapons Level 1  
  83  6:23  Drone x3  
  83  6:24  Drone x2  
  88  6:32  Zerg Ground Armor Level 1, Glial Reconstitution  
  88  6:33  Overseer  
  88  6:36  Spire  
  87  6:40  Extractor, Drone x2  
  87  6:42  Drone  
  87  6:43  Drone  
  87  6:45  Overseer  
  90  6:49  Drone x2  
  90  6:52  Overlord  
  90  6:53  Overlord  
  91  7:04  Drone x2  
  91  7:06  Drone x2  
  91  7:07  Drone x4  
  94  7:10  Drone x2  
  94  7:11  Drone x3  
  93  7:19  Drone, Infestation Pit  
  92  7:32  Overlord  
  92  7:35  Roach x5  
  102  7:41  Overlord  
  102  7:48  Hatchery  
  101  7:54  Overlord  
  101  7:56  Hive  
  101  7:58  Drone x2  
  101  7:59  Drone x8, Hydralisk Den  
  101  8:00  Drone  
  101  8:02  Zerg Flyer Weapons Level 1  
  111  8:07  Extractor  
  111  8:10  Roach x2  
  111  8:11  Extractor  
  113  8:17  Roach x4  
  113  8:18  Overlord  
  113  8:19  Zerg Missile Weapons Level 2  
  121  8:25  Overlord  
  121  8:29  Overlord  
  121  8:33  Hydralisk x3, Grooved Spines  
  127  8:36  Drone x3  
  127  8:39  Hydralisk  
  127  8:41  Hydralisk  
  132  8:47  Hydralisk x2  
  138  8:59  Zerg Ground Armor Level 2  
  138  9:02  Overlord  
  138  9:03  Hydralisk x3  
  138  9:04  Hydralisk  
  138  9:08  Viper x2  
  152  9:10  Viper  
  155  9:22  Hydralisk  
  155  9:23  Hydralisk x2  
  161  9:26  Roach  
  161  9:27  Pneumatized Carapace  
  163  9:31  Hatchery  
  163  9:36  Hydralisk  
  163  9:37  Hydralisk x4  
  172  9:39  Overlord  
  172  9:43  Queen  
  172  9:44  Overlord, Muscular Augments  
  174  9:48  Overlord  
  174  9:49  Overlord  
  174  9:51  Hydralisk  
  168  9:55  Extractor x2  
  168  9:56  Hydralisk x2  
  164  10:00  Hydralisk x2  
  164  10:05  Greater Spire  
  164  10:07  Hydralisk x2  
  166  10:12  Hydralisk x3  
  176  10:18  Roach x3  
  176  10:20  Roach  
  176  10:21  Roach  
  178  10:22  Hydralisk  
  180  10:29  Hydralisk x3  
  182  10:40  Hydralisk  
  182  10:41  Hydralisk x2, Roach  
  182  10:42  Roach  
  188  10:43  Hydralisk, Roach  
  188  10:48  Drone x3  
  188  10:49  Drone  
  196  10:50  Drone x2  
  194  11:06  Roach x3  
  194  11:08  Zerg Missile Weapons Level 3  
  200  11:14  Hatchery  
  200  11:16  Overlord x2  
  200  11:17  Overseer x3  
  199  11:18  Overlord  
  181  11:37  Hydralisk x10  
  181  11:38  Roach  
  153  11:42  Hydralisk x2  
  145  11:47  Viper x2  
  145  11:48  Viper  
  145  11:52  Hydralisk x2  
  158  11:58  Hydralisk x2, Roach  
  158  12:00  Overlord  
  164  12:01  Overseer  
  164  12:02  Overseer  
  164  12:05  Roach  
  168  12:08  Roach x2  
  168  12:09  Roach  
  168  12:12  Roach x2  
  168  12:13  Roach  
  173  12:19  Hydralisk x3  
  179  12:27  Hydralisk  
  179  12:28  Hydralisk x3  
  187  12:30  Hydralisk  
  187  12:32  Hydralisk  
  187  12:35  Overlord  
  191  12:40  Zerg Flyer Weapons Level 2  
  191  12:43  Hydralisk x2  
  195  12:47  Overseer x2  
  195  12:48  Overseer  
  195  12:49  Overlord  
  193  13:04  Overlord  
  189  13:07  Corruptor x4  
  189  13:10  Corruptor  
  189  13:11  Corruptor  
  199  13:18  Corruptor x2  
  200  13:22  Corruptor  
  189  13:47  Brood Lord x4  
  189  13:48  Hydralisk x5  
  189  13:57  Brood Lord x2  
  189  14:01  Hydralisk x2  
  194  14:08  Overlord  
  194  14:13  Overlord  
  194  14:22  Overlord  
  194  14:24  Overlord  
  177  14:37  Hydralisk x5  
  177  14:38  Hydralisk x2  
  158  14:49  Hatchery  
  158  14:52  Viper  
  156  14:54  Viper  
  156  14:57  Hydralisk  
  159  15:09  Hydralisk x3  
  154  15:15  Hydralisk x2  
  154  15:21  Hydralisk  
  154  15:23  Viper  
  159  15:31  Hydralisk x2  
  163  15:36  Viper  
  162  15:44  Corruptor  
  162  15:49  Corruptor  
  161  15:59  Brood Lord  
  151  16:12  Hydralisk x3  
  151  16:17  Brood Lord  
  159  16:20  Overlord  
  151  16:31  Hydralisk x2  
  155  16:36  Hydralisk x2  
  159  16:43  Roach  
  159  16:44  Roach x2  
  165  16:49  Hydralisk x2  
  165  16:53  Hydralisk  
  171  16:58  Hydralisk  
  171  16:59  Hydralisk  
  167  17:04  Hydralisk  
  169  17:15  Overseer x3  
  167  17:16  Hydralisk x3  
  151  17:38  Hatchery  
Tags
 
Add a new tag
Caveats
  • Supply blocks, unpowered buildings, or Contaminate may cause inaccurate times.
  • Supply counts are checked every 10 seconds.